 Dungeon Sprint DCSS version 0.30.1-11-g7821555f0a (webtiles) character file.

Game seed: 9680590768612321229

5823 Groucho the Unseen (level 10, -17/53 HPs)
             Began as a Spriggan Enchanter on Dec 14, 2023.
             Was a High Priest of Dithmenos.
             Succumbed to a death drake's dark miasma
             ... in the Dungeon (Sprint II: "The Violet Keep of Menkaure").
             The game lasted 00:12:50 (997 turns).

Groucho the Unseen (Spriggan Enchanter)              Turns: 997, Time: 00:12:51

Health: -17/53     AC:  1    Str:  4    XL:     10   Next: 51%
Magic:  18/27      EV: 19    Int: 22    God:    Dithmenos [*****.]
Gold:   20         SH:  0    Dex: 15    Spells: 17/33 levels left

rFire   + . .        a - +1 dagger
rCold   . . .        (no shield)
rNeg    . . .        b - +0 robe
rPois   .            (helmet restricted)
rElec   .            j - scarf {repulsion}
rCorr   .            (gloves unavailable)
SInv    +            (boots unavailable)
Will    +....        (no amulet)
Stlth   +++++++++    f - ring of protection from fire
HPRegen 0.28/turn    c - ring of flight
MPRegen 0.20/turn

%: no teleportation, repel missiles
@: lethally poisoned (-17 -> -83), flying, slowed, wreathed by umbra, quick
A: very small, no large weapons, unfitting armour, see invisible, speed 3,
deformed body
a: Renounce Religion, Shadow Step, Shadow Form


You were in the Dungeon.
You worshipped Dithmenos.
Dithmenos was extremely pleased with you.
You visited 1 branch You collected 1303 gold pieces.
You spent 1283 gold pieces at shops.

Inventory:

Hand Weapons
 a - a +1 dagger (weapon)
Armour
 b - a +0 robe (worn)
 j - a scarf of repulsion (worn)
Jewellery
 c - a ring of flight (right hand)
 f - a ring of protection from fire (left hand)
Potions
 g - 2 potions of magic
 h - a potion of berserk rage
Miscellaneous
 k - a box of beasts


   Skills:
 + Level 6.6 Fighting
 - Level 10.0 Short Blades
 - Level 5.0 Dodging
 - Level 15.0 Stealth
 - Level 12.0 Spellcasting
 - Level 14.0 Hexes
 - Level 12.5 Earth Magic


You had 17 spell levels left.
You knew the following spells:

 Your Spells              Type           Power      Damage    Failure   Level
a - Ensorcelled Hibernat  Hex/Ice        88%        N/A       1%          2
b - Confusing Touch       Hex            65%        N/A       1%          3
c - Dazzling Flash        Conj/Hex       88%        N/A       1%          3
d - Tukima's Dance        Hex            65%        N/A       1%          3
e - Lee's Rapid Deconstr  Erth           31%        3d16*     1%          5

Your spell library contained the following spells:

 Spells                   Type           Power      Damage    Failure   Level
 Fulminant Prism          Conj/Hex       22%        3d12      2%          4
 Volatile Blastmotes      Fire/Tloc      26%        2d12      14%         3
 Iskenderun's Mystic Bla  Conj/Tloc      13%        2d5       43%         4


Dungeon Overview and Level Annotations

Branches:
Dungeon (1/1)

Altars:
Cheibriados
Dithmenos
Elyvilon
Fedhas
Gozag
Hepliaklqana
Kikubaaqudgha
Makhleb
Nemelex Xobeh
Okawaru
Qazlal
Ru
Sif Muna
Trog
Uskayaw
Vehumet
Wu Jian
Xom
Yredelemnul
Zin
The Shining One
Jiyva
Lugonu

Shops:
D ::[[[?(=([[=!:!

Annotations:
D exclusions: ice statue and oklob plant, Roxanne


Innate Abilities, Weirdness & Mutations

You are very small and have problems with some larger weapons.
You are too small for most types of armour.
You have supernaturally acute eyesight. (SInv)
You cover ground extremely quickly. (Speed+++)
Armour fits poorly on your strangely shaped body.


Message History

The foul vapour engulfs you!
You are poisoned.
Unknown command.
Blink to where?
Press: ? - help, Dir - move target, p - death drake
As you read the scroll of blinking, it crumbles to dust.
You feel extremely sick.
Casting: Ensorcelled Hibernation (safe; 1% risk of failure)
Confirm with . or Enter, or press ? or * to list all spells.
Aiming: Ensorcelled Hibernation (safe; 1% risk of failure)
Press: ? - help, Shift-Dir - straight line, f - death drake
Aim: a death drake (umbra, chance to affect: 50%)
The death drake resists with significant effort.
You feel very sick. The death drake breathes miasma at you.
The foul vapour engulfs you!
You are lethally poisoned!
You feel yourself slow down.
* * * LOW HITPOINT WARNING * * *
Unknown command.
You feel much better.
You are engulfed in dark miasma.
You are more poisoned.
* * * LOW HITPOINT WARNING * * *
You feel extremely sick. The death drake bites you.
* * * LOW HITPOINT WARNING * * *
The death drake barely misses you.
Unknown command.
Okay, then.
Unknown command.
Casting: Ensorcelled Hibernation (safe; 1% risk of failure)
Confirm with . or Enter, or press ? or * to list all spells.
Aiming: Ensorcelled Hibernation (safe; 1% risk of failure)
Press: ? - help, Shift-Dir - straight line, f/p - death drake
Aim: a death drake (foul pestilence, umbra, chance to affect: 50%)
The death drake looks drowsy...
You are engulfed in dark miasma.
You are more poisoned.
You feel as though you will be slow longer.
* * * LOW HITPOINT WARNING * * *
You die... °○... #..'....#k.# #+##..#..####.#○÷# ...##.####..'.##.# .##.# ...#..#^..#### ##.####..#####..##.# ??) #'###.##..#○.'..#†)# $(!?

#.##.#.#..#○○#.^#.†#▓?)?$[
.<.'###'..####^k##°#▓$?$)$
#.##.#.#....###°@°##▓▓▓▓▓▓▓
#'###.##§.....§°°°~~~~~~~~~
#..####~~.§...°#°########+#
##..#~~~~§~~.§~#_._._...#~~
.#.##~~~~§~~~§~#._._._._#§~
#'##~~§≈§§~~§~~#_._._._.#~§
~~~~~§~~≈§§§§§~#._._._._#~§
+#+++#~≈≈≈§§§§~#.._._._.#~§
~~. ##≈≈≈###§§#..._._._#~S


You could see a death drake (asleep).

Vanquished Creatures
  A deep elf master archer (D)
  A crystal guardian (D)
  A death drake (D)
  A yaktaur (D)
  A hornet (D)
  3 polar bears (D)
  3 slime creatures (D)
  2 wyverns (D)
  3 yaks (D)
  4 neqoxecs (D)
  A vampire mosquito (D)
  2 water moccasins (D)
  2 swamp drakes (D)
  4 necrophages (D)
  3 worms (D)
  A spectral ball python (D)
  A spectral jackal (D)
34 creatures vanquished.

Vanquished Creatures (others)
  Menkaure (D)
1 creature vanquished.

Grand Total: 35 creatures vanquished

Notes
Turn   | Place    | Note
-------+----------+-------------------------------------------
     0 | D        | Groucho the Spriggan Enchanter began the quest for the Orb.
     0 | D        | Reached XP level 1. HP: 9/9 MP: 5/5
     2 | D        | Noticed a neqoxec
     8 | D        | Noticed a neqoxec
    22 | D        | Killed a neqoxec
    23 | D        | Reached skill level 5 in Dodging
    23 | D        | Reached skill level 8 in Stealth
    23 | D        | Reached skill level 5 in Spellcasting
    23 | D        | Reached skill level 5 in Hexes
    23 | D        | Reached XP level 2. HP: 16/16 MP: 6/9
    23 | D        | Reached XP level 3. HP: 20/20 MP: 6/10
    23 | D        | Reached XP level 4. HP: 24/24 MP: 7/12
    28 | D        | Killed a neqoxec
    29 | D        | Reached skill level 11 in Stealth
    29 | D        | Reached XP level 5. HP: 25/30 MP: 7/13
    30 | D        | Noticed a flying skull
    31 | D        | Noticed a flying skull
    31 | D        | Noticed a flying skull
    31 | D        | Noticed a flying skull
    31 | D        | Noticed a flying skull
    31 | D        | Noticed a flying skull
    31 | D        | Noticed a flying skull
    31 | D        | Noticed a neqoxec
    32 | D        | Killed Menkaure
    40 | D        | Noticed a wyvern
    40 | D        | Noticed a wyvern
    43 | D        | Killed a wyvern
    44 | D        | Reached skill level 5 in Fighting
    44 | D        | Reached skill level 14 in Stealth
    44 | D        | Reached XP level 6. HP: 32/35 MP: 8/14
    46 | D        | Killed a wyvern
    47 | D        | Reached skill level 15 in Stealth
    47 | D        | Reached XP level 7. HP: 36/39 MP: 8/15
    60 | D        | Noticed Roxanne
    78 | D        | Reached skill level 10 in Short Blades
    89 | D        | Learned a level 2 spell: Ensorcelled Hibernation
   112 | D        | Learned a level 3 spell: Confusing Touch
   116 | D        | Learned a level 3 spell: Dazzling Flash
   120 | D        | Learned a level 3 spell: Tukima's Dance
   120 | D        | Found Qylabure's Antique Weapon Shoppe.
   120 | D        | Found Avit's Antique Armour Shoppe.
   120 | D        | Found Hoes's Distillery.
   120 | D        | Found Mikkoaq's Magic Scroll Emporium.
   120 | D        | Found Gayfyuh's Distillery.
   120 | D        | Found Fuisenot's Antique Armour Emporium.
   121 | D        | Found Tory's Book Emporium.
   121 | D        | Found Sideuhug's Weapon Shoppe.
   121 | D        | Found Cemn's Jewellery Emporium.
   121 | D        | Found Jeorgh's Armour Shoppe.
   121 | D        | Found Buatz's Armour Emporium.
   122 | D        | Found Qeni's Jewellery Shoppe.
   122 | D        | Found Guphyar's Antique Armour Emporium.
   122 | D        | Found Vitzeich's Book Emporium.
   122 | D        | Noticed a redback
   124 | D        | Noticed a redback
   124 | D        | Noticed an oklob plant
   130 | D        | Reached skill level 10 in Hexes
   130 | D        | Found Ditaoreo's Book Shoppe.
   139 | D        | Noticed a neqoxec
   152 | D        | Killed a neqoxec
   153 | D        | Reached XP level 8. HP: 43/43 MP: 7/16
   156 | D        | Noticed an iron elemental
   161 | D        | Gained mutation: Armour fits poorly on your strangely
                  | shaped body. [a neqoxec]
   250 | D        | Bought a book of Blasting for 440 gold pieces
   253 | D        | Bought a ring of protection from fire for 350 gold pieces
   273 | D        | Found an iron altar of Okawaru.
   273 | D        | Found an opulent altar of Gozag.
   274 | D        | Found a sparkling altar of Nemelex Xobeh.
   274 | D        | Found a blossoming altar of Fedhas.
   275 | D        | Found a radiant altar of Vehumet.
   275 | D        | Found a burning altar of Makhleb.
   275 | D        | Found a white marble altar of Elyvilon.
   276 | D        | Found a hide-covered altar of Uskayaw.
   276 | D        | Found a corrupted altar of Lugonu.
   276 | D        | Found a shadowy altar of Dithmenos.
   277 | D        | Found a glowing silver altar of Zin.
   277 | D        | Found a bloodstained altar of Trog.
   277 | D        | Found an ancient bone altar of Kikubaaqudgha.
   278 | D        | Found a basalt altar of Yredelemnul.
   278 | D        | Found a shimmering blue altar of Sif Muna.
   278 | D        | Found a viscous altar of Jiyva.
   279 | D        | Found a shimmering altar of Xom.
   279 | D        | Found a sacrificial altar of Ru.
   281 | D        | Found a glowing golden altar of the Shining One.
   281 | D        | Found an ornate altar of the Wu Jian Council.
   281 | D        | Found a stormy altar of Qazlal.
   281 | D        | Found a snail-covered altar of Cheibriados.
   281 | D        | Found a hazy altar of Hepliaklqana.
   289 | D        | Became a worshipper of Dithmenos the Shadowed
   306 | D        | Reached * piety under Dithmenos
   313 | D        | Learned a level 5 spell: Lee's Rapid Deconstruction
   329 | D        | Noticed a deep elf master archer
   332 | D        | Noticed a slime creature
   332 | D        | Noticed a slime creature
   332 | D        | Noticed a slime creature
   334 | D        | Killed a slime creature
   334 | D        | Reached ** piety under Dithmenos
   335 | D        | Reached skill level 5 in Earth Magic
   336 | D        | Killed a slime creature
   337 | D        | Killed a slime creature
   338 | D        | Reached XP level 9. HP: 47/47 MP: 17/17
   352 | D        | Noticed a yaktaur
   352 | D        | Noticed a polar bear
   353 | D        | Noticed a polar bear
   353 | D        | Noticed a polar bear
   354 | D        | Killed a polar bear
   355 | D        | Killed a polar bear
   355 | D        | Reached *** piety under Dithmenos
   357 | D        | Killed a polar bear
   358 | D        | Reached skill level 10 in Earth Magic
   361 | D        | Killed a yaktaur
   399 | D        | Reached **** piety under Dithmenos
   402 | D        | Bought a ring of flight for 245 gold pieces
   409 | D        | Bought a scarf of repulsion for 168 gold pieces
   456 | D        | Noticed an ice statue
   505 | D        | Bought a potion of invisibility for 80 gold pieces
   534 | D        | Noticed a death drake
   546 | D        | Killed a deep elf master archer
   547 | D        | Reached XP level 10. HP: 51/51 MP: 23/27
   555 | D        | Noticed a death drake
   555 | D        | Noticed a crystal guardian
   558 | D        | Killed a crystal guardian
   848 | D        | Killed a death drake
   848 | D        | Reached ***** piety under Dithmenos
   997 | D        | Succumbed to a death drake's dark miasma

Illustrated notes

Levels and vault maps discovered:
D:        the_violet_keep_of_menkaure [sprint2_stairs_cluster_1,
          sprint2_shoproom, sprint2_temple, sprint2_basic_supplies,
          sprint2_obstacle_6, sprint2_obstacle_2, sprint2_obstacle_1,
          sprint2_obstacle_3, sprint2_obstacle_4, sprint2_timed_cluster_1,
          sprint2_smallroom_cluster_1, sprint2_smallroom_final_cluster_1,
          sprint2_transparent_cluster_1, sprint2_second_timed_cluster_1,
          sprint2_sniper_area_1, sprint2_heavy_combat_area_1,
          sprint2_mutation_trap_area_1, sprint2_forest_area_1,
          sprint2_light_combat_area_1, sprint2_behind_water_1,
          sprint2_near_end_vault_1]

Skill      XL: |  1  2  3  4  5  6  7  8  9 10 |
---------------+-------------------------------+-----
Fighting       | 3 4 5 6 |  6.6
Short Blades   | 4 6 8 9 10 | 10.0
Dodging        | 5 |  5.0
Stealth        | 8 11 14 15 | 15.0
Spellcasting   | 5 12 | 12.0
Hexes          | 5 11 14 | 14.0
Earth Magic    | 7 11 12 | 12.5

Action                     |  1- 3 |  4- 6 |  7- 9 | 10-12 || total
---------------------------+-------+-------+-------+-------++-------
  Melee: Dagger            |    17 |     7 |    29 |     4 ||    57
   Cast: Ensorcelled Hiber |       |       |     7 |     9 ||    16
         Confusing Touch   |       |       |     2 |       ||     2
    Use: Potion            |     2 |       |     2 |     2 ||     6
         Scroll            |       |       |       |     2 ||     2
   Stab: Invisible         |     2 |     2 |     1 |       ||     5
         Sleeping          |       |     2 |    23 |     4 ||    29
         Confused          |       |       |     2 |       ||     2
 Armour: Robe              |     1 |       |     1 |       ||     2
  Dodge: Dodged            |     4 |     1 |     8 |     1 ||    14
